AoeStats
← pelto

Arabian Desert

509010285Analyzed
1v1 RM · 7d ago on Sep 25, 2026· 56m 21s· 2 players
Game mode
Random Map
Map size
Tiny (2 player)
Population
200
Speed
Normal
Resources
Standard
Victory
Conquest
Starting age
Dark Age
Ending age
Imperial Age
RankedLock teamsTeams togetherTeam positionsShared explorationLock speedFull tech treeHidden civsTurbo modeCheats
Victory
Defeat
🇦🇷 Sicilians · Argentina
537
+19
🇺🇸 Spanish · United States
607
-19
OFLOCA
12:18 Feudal Age
10:55 Loom
12:53 Double-Bit Axe
12:54 Horse Collar
15:35 Wheelbarrow
26:34 Castle Age
26:19 Forging
26:10 Scale Mail Armor
26:27 Gold Mining
26:49 Stone Mining
28:32 Bow Saw
36:46 Hand Cart
38:23 Heavy Plow
40:34 Iron Casting
40:17 Chain Mail Armor
39:54 Fletching
40:04 Padded Archer Armor
43:58 Imperial Age
45:45 Gold Shaft Mining
45:45 Stone Shaft Mining
45:56 Hoardings
44:42 Elite Serjeant
45:48 First Crusade
45:12 Sappers
47:10 Crop Rotation
48:01 Chemistry
47:22 Ballistics
46:47 Arrowslits
46:54 Heated Shot
47:05 Bodkin Arrow
47:28 Leather Archer Armor
47:21 Heavy Scorpion
55:23 Masonry
pelto
3:57 Loom
11:39 Feudal Age
29:27 Castle Age
29:39 Wheelbarrow
30:37 Bloodlines
33:43 Hand Cart
44:48 Imperial Age
43:20 Padded Archer Armor
43:20 Scale Mail Armor
43:27 Scale Barding Armor
45:31 Pikeman
45:32 Man-at-Arms
46:38 Town Watch
47:21 Chain Barding Armor
47:20 Chain Mail Armor
50:47 Halberdier
53:17 Cavalier
Connection lost

Rejoining the realm…

Still unreachable

The connection could not be restored.

Session expired

The server has moved on; the page needs a fresh start.